 Dungeon Crawl Stone Soup version 0.31-a0-538-gbc85326fa9 (webtiles) character file.

Game seed: 10707710686105955824

3077 HoaS the Skirmisher (level 10, -5/58 HPs)
             Began as a Kobold Hunter on Aug 13, 2023.
             Was a Follower of Elyvilon.
             Slain by a yak (14 damage)
             ... on level 9 of the Dungeon.
             The game lasted 00:16:23 (6083 turns).

HoaS the Skirmisher (Kobold Hunter)                 Turns: 6083, Time: 00:16:24

Health: -5/58      AC:  6    Str:  9    XL:     10   Next: 12%
Magic:  13/13      EV: 15    Int: 10    God:    Elyvilon [*.....]
Gold:   376        SH:  5    Dex: 23    Spells: 9/9 levels left

rFire   . . .        y - +0 arbalest
rCold   . . .        (shield currently unavailable)
rNeg    . . .        c - +0 leather armour
rPois   +            h - +1 helmet
rElec   .            k - +0 cloak
rCorr   .            (no gloves)
SInv    .            (no boots)
Will    +....        x - amulet of reflection
Stlth   +++          d - ring of willpower
HPRegen 0.29/turn    j - ring of poison resistance
MPRegen 0.13/turn

%: reflection
@: no status effects
A: small, no large weapons, nightstalker 3
a: Renounce Religion, Purification


You were on level 9 of the Dungeon.
You worshipped Elyvilon.
Elyvilon was aware of your devotion.
You visited 2 branches of the dungeon, and saw 9 of its levels.

You collected 376 gold pieces.

Inventory:

Hand Weapons
 y - a +0 arbalest (weapon)
Missiles
 g - a throwing net
Armour
 c - a +0 leather armour (worn)
 h - a +1 helmet (worn)
 k - a +0 cloak (worn)
Jewellery
 d - a ring of willpower (left hand)
 j - a ring of poison resistance (right hand)
 t - an amulet of regeneration
 x - an amulet of reflection (around neck)
Wands
 l - a wand of paralysis (2)
 p - a wand of flame (18)
Scrolls
 b - a scroll of butterflies
 o - a scroll of fear
 u - 2 scrolls of poison {unknown}
 w - 2 scrolls of teleportation
Potions
 e - 2 potions of enlightenment {unknown}
 f - a potion of ambrosia {unknown}
 i - a potion of curing
 m - 2 potions of resistance {unknown}
 n - a potion of lignification {unknown}
 q - 2 potions of haste {unknown}
 r - a potion of heal wounds {unknown}
 s - a potion of cancellation {unknown}
 v - a potion of might {unknown}


   Skills:
 - Level 4.5 Fighting
 + Level 14.8 Ranged Weapons
 - Level 4.2 Armour
 - Level 2.4 Dodging
 - Level 1.3 Stealth
 - Level 4.6 Invocations


You had 9 spell levels left.
You didn't know any spells.
Your spell library contained the following spells:

 Spells                   Type           Power      Damage    Failure   Level
 Ozocubu's Armour         Ice            0%         N/A       83%         3
 Ozocubu's Refrigeration  Ice            0%         4d7       100%        7


Dungeon Overview and Level Annotations

Branches:
Dungeon (9/15)             Temple (1/1) D:5             Orc (0/2) D:9
   Lair: D:8-11

Altars:
Ashenzari
Cheibriados
Dithmenos
Elyvilon
Fedhas
Gozag
Hepliaklqana
Kikubaaqudgha
Makhleb
Nemelex Xobeh
Okawaru
Qazlal
Ru
Sif Muna
Trog
Uskayaw
Vehumet
Wu Jian
Xom
Yredelemnul
Zin
The Shining One

Shops:
D:3 :

Annotations:
D:8 Prince Ribbit


Innate Abilities, Weirdness & Mutations

You are small and have problems with some larger weapons.
You are completely attuned to the shadows.


Message History

You block the yak's attack.
You shoot a bolt. The bolt barely misses the yak.
The bolt hits the yak but does no damage.
The yak gores you!
You shoot a bolt. The bolt hits the yak!!
The yak is heavily wounded.
The yak gores you!
* * * LOW HITPOINT WARNING * * *
The yak closely misses you.
You shoot a bolt. The bolt hits the yak.
The yak is severely wounded.
The yak barely misses you.
You shoot a bolt. The bolt hits the yak!!
You kill the yak!
You shoot a bolt. The bolt hits the yak.
The yak is lightly wounded.
The yak gores you but does no damage.
You shoot a bolt. The bolt hits the yak!
The yak is moderately wounded.
The yak gores you.
* * * LOW HITPOINT WARNING * * *
The yak barely misses you.
You shoot a bolt. The bolt hits the yak!
The yak is severely wounded.
The yak gores you.
* * * LOW HITPOINT WARNING * * *
You shoot a bolt. The bolt hits the yak!!
You kill the yak!
You shoot a bolt. The bolt barely misses the yak.
The bolt hits the yak!!
The yak is heavily wounded.
The yak gores you but does no damage.
You shoot a bolt.
The bolt hits the yak but does no damage.
The yak gores you!
* * * LOW HITPOINT WARNING * * *
The yak closely misses you.
You shoot a bolt. The bolt hits the yak!!
The yak is severely wounded.
The yak gores you!
You die...

#'#### #......# ###.......##
.....#######......####...........
.....'.....#......[....#.....))##
.....#####.'......######......<#
.....# ###......# #.......#
.....# ###'#### #.......# .....#
#..# ###.##### ###### ##.#### ..
.# #.@YY## .# ####..# .# ##'#
'##### ...# ...... ..YY# ......
.....Y ...... ...... ......


You could see 2 yaks.

Vanquished Creatures
  Pikel (D:9)
  A deep elf pyromancer (D:9)
  Grinder (D:4)
  A shadow (D:9)
  A wyvern (D:9)
  3 yaks (D:9)
  A steam dragon (D:9)
  2 water moccasins
  An orc warrior (D:6)
  An ogre (D:5)
  A phantom (D:5)
  4 lemures (D:9)
  A kobold brigand (D:9)
  A scorpion (D:5)
  3 killer bees (D:9)
  An orc priest (D:5)
  3 hounds
  3 iguanas
  3 orc wizards
  4 gnolls
  6 adders
  A white imp (D:6)
  A worm (D:2)
  4 dart slugs
  8 orcs
  5 bats
  7 endoplasms
  2 giant cockroaches
  14 goblins
  3 hobgoblins
  11 kobolds
  5 quokkas
  2 ball pythons
  3 frilled lizards
  4 rats
113 creatures vanquished.

Vanquished Creatures (others)
  A killer bee (D:9)
1 creature vanquished.

Grand Total: 114 creatures vanquished

Notes
Turn   | Place    | Note
-------+----------+-------------------------------------------
     0 | D:1      | HoaS the Kobold Hunter began the quest for the Orb.
     0 | D:1      | Reached XP level 1. HP: 12/12 MP: 1/1
   105 | D:1      | Reached XP level 2. HP: 17/17 MP: 2/2
   309 | D:1      | Reached skill level 6 in Ranged Weapons
   473 | D:1      | Found a faded altar of an unknown god.
   642 | D:2      | Reached XP level 3. HP: 21/21 MP: 3/3
   917 | D:2      | Reached skill level 7 in Ranged Weapons
  1317 | D:3      | Reached XP level 4. HP: 26/26 MP: 4/4
  2024 | D:3      | Found Doutuf's Book Boutique.
  2353 | D:4      | Reached skill level 8 in Ranged Weapons
  2353 | D:4      | Reached XP level 5. HP: 18/30 MP: 5/5
  2680 | D:4      | Noticed Grinder
  2698 | D:4      | Paralysed by Grinder for 5 turns
  2703 | D:4      | Killed Grinder
  2704 | D:4      | Reached skill level 10 in Ranged Weapons
  2704 | D:4      | Reached XP level 6. HP: 12/35 MP: 6/6
  3033 | D:4      | Reached XP level 7. HP: 40/40 MP: 7/7
  3379 | D:5      | Entered Level 5 of the Dungeon
  3587 | D:5      | Reached skill level 11 in Ranged Weapons
  3595 | D:5      | Found a staircase to the Ecumenical Temple.
  3611 | Temple   | Entered the Ecumenical Temple
  3648 | Temple   | Became a worshipper of Elyvilon the Healer
  3745 | D:5      | Noticed a water moccasin
  3763 | D:5      | HP: 2/40 [water moccasin (8)]
  3767 | D:5      | Killed a water moccasin
  3768 | D:5      | Reached skill level 1 in Invocations
  4212 | D:5      | Reached XP level 8. HP: 44/44 MP: 9/9
  4240 | D:5      | Reached skill level 12 in Ranged Weapons
  4268 | D:5      | Found a stormy altar of Qazlal.
  4269 | D:5      | Found a radiant altar of Vehumet.
  4910 | D:6      | Reached skill level 13 in Ranged Weapons
  4949 | D:6      | Identified the +4 dagger of the Shimmering Augurer {vamp,
                  | rF+ MP+9}
  4962 | D:6      | You fall into a shaft and drop 3 floors!
  4965 | D:9      | Found a staircase to the Orcish Mines.
  4982 | D:9      | Reached * piety under Elyvilon
  5201 | D:9      | Noticed Pikel
  5253 | D:9      | Killed Pikel
  5254 | D:9      | Reached skill level 14 in Ranged Weapons
  5254 | D:9      | Reached XP level 9. HP: 33/51 MP: 6/11
  5394 | D:9      | Noticed a deep elf pyromancer
  5417 | D:9      | Killed a deep elf pyromancer
  5543 | D:8      | Noticed Prince Ribbit
  6071 | D:9      | Reached XP level 10. HP: 44/58 MP: 13/13
  6083 | D:9      | Slain by a yak

Illustrated notes

Levels and vault maps discovered:
D:1:      orjb1_lava_funnel, layout_rooms,
          shapermc_ecumenical_altar_starsandcircs, minmay_misc_feat_plants
D:2:      layout_loops_ring
D:3:      layout_basic, serial_shops, shop
D:4:      minmay_chambers_of_twos, layout_loops_ring, lemuel_flame_loot_1,
          uniq_grinder
D:5:      layout_basic, minitemple, minmay_temple_entry_proselytizer,
          minmay_misc_feat_roman
D:6:      layout_loops_ring
D:8:      layout_basic, minmay_lair_entry_grove, serial_bayou_pond_c,
          kennysheep_island_fort, uniq_prince_ribbit1, uniq_maggie
D:9:      layout_roguey, orc_0_dummy, ebering_ghost_disaster_area, uniq_pikel
Temple:   mainiacjoe_temple_cubbyholes

Skill      XL: |  1  2  3  4  5  6  7  8  9 |
---------------+----------------------------+-----
Ranged Weapons | 6 7 8 10 11 14 | 14.8
Invocations    | 1 3 4 |  4.6
Fighting       | 3 4 |  4.5
Armour         | 2 4 |  4.2
Dodging        | |  2.4
Stealth        | |  1.3

Action                     |  1- 3 |  4- 6 |  7- 9 | 10-12 || total
---------------------------+-------+-------+-------+-------++-------
   Fire: Shortbow          |    72 |    89 |   295 |       ||   456
         Arbalest          |       |       |     3 |    13 ||    16
  Throw: Throwing net      |       |       |     2 |       ||     2
  Evoke: Wand              |       |     3 |     2 |       ||     5
    Use: Scroll            |     3 |    10 |     1 |       ||    14
         Potion            |       |       |     2 |       ||     2
 Armour: Leather armour    |     9 |     8 |    29 |     2 ||    48
  Dodge: Dodged            |    17 |    19 |    94 |     4 ||   134
  Block: Other             |       |       |     5 |     2 ||     7

Table legend: (Time is in decaauts)
 A = Elapsed time spent in this place.
 B = Non-inter-level travel time spent in this place.
 C = Inter-level travel time spent in this place.
 D = Time resting spent in this place.
 E = Time spent auto-exploring this place.
 F = Levels seen in this place.
 G = Mean time per level.
                   A        B        C        D        E       F      G
               +--------+--------+--------+--------+--------+-----+--------+
         Total |   6047 |   5746 |    301 |   1327 |   3631 |   9 |  671.9 |
       Dungeon |   5978 |   5738 |    240 |   1327 |   3627 |   8 |  747.2 |
        Temple |     68 |      7 |     61 |      0 |      4 |   1 |   68.0 |
               +--------+--------+--------+--------+--------+-----+--------+

Top non-repeatable levels by time:
     D:4: 1250 daAuts
     D:9: 1083 daAuts
     D:3: 973 daAuts
     D:5: 936 daAuts
     D:2: 779 daAuts
     D:1: 542 daAuts
     D:6: 404 daAuts
  Temple: 68 daAuts
     D:8: 6 daAuts
